TOP OF THE 1ST |
Montgomery Grey Sox batting - Pitching for El Paso Texans : RHP Carlos Díaz
|
Pitching: RHP Carlos Díaz
|
|
Batting: RHB Frederick Curtis
|
0-0: Called Strike 0-1: Foul Ball, location: 2F 0-2: Foul Ball, location: 2F 0-2: Ball 1-2: Hit by Pitch
|
Batting: LHB Bob Jones
|
0-0: Ball 1-0: Ball 2-0: Foul Ball, location: 2F 2-1: Called Strike 2-2: Fly out, F8 (Flyball, 8LXD)
|
Batting: RHB Dean Bailey
|
0-0: Ball 1-0: Called Strike 1-1: Ball 2-1: Foul Ball, location: 2F 2-2: Foul Ball, location: 2F 2-2: Foul Ball, location: 2F 2-2: Foul Ball, location: 2F 2-2: Foul Ball, location: 2F 2-2: Ball 3-2: Foul Ball, location: 2F 3-2: Fly out, F6 (Popup, 6MD)
|
Batting: RHB Carlos Vásquez
|
0-0: Ball Frederick Curtis steals 2nd base 1-0: Foul Ball, location: 2F 1-1: Foul Ball, location: 2F 1-2: Fly out, F9 (Flyball, 9S)
|
Top of the 1st over - 0 run(s), 0 hit(s), 0 error(s), 1 left on base; Montgomery 0 - El Paso 0 |
BOTTOM OF THE 1ST |
El Paso Texans batting - Pitching for Montgomery Grey Sox : RHP Jorge Villalobos
|
Pitching: RHP Jorge Villalobos
|
|
Batting: SHB Rick Hinton
|
0-0: Ball 1-0: Ball 2-0: Called Strike 2-1: Ball 3-1: Swinging Strike 3-2: Fly out, F7 (Line Drive, 7)
|
Batting: RHB Cole Boehmer
|
0-0: Swinging Strike 0-1: Foul Ball, location: 2F 0-2: Ball 1-2: Foul Ball, location: 2F 1-2: Ball 2-2: Foul Ball, location: 2F 2-2: Foul Ball, location: 2F 2-2: Strikes out swinging
|
Batting: LHB Guy Moss
|
0-0: Called Strike 0-1: Swinging Strike 0-2: Ball 1-2: Strikes out looking
|
Bottom of the 1st over - 0 run(s), 0 hit(s), 0 error(s), 0 left on base; Montgomery 0 - El Paso 0 |
TOP OF THE 2ND |
Montgomery Grey Sox batting - Pitching for El Paso Texans : RHP Carlos Díaz
|
Batting: SHB Joe Pierce
|
0-0: Called Strike 0-1: Ground out 6-3 (Groundball, 6)
|
Batting: SHB Hoyt Norris
|
0-0: Ball 1-0: Foul Ball, location: 2F 1-1: Foul Ball, location: 2F 1-2: Ball 2-2: Ball 3-2: Ground out 6-3 (Groundball, 6)
|
Batting: RHB Ben White
|
0-0: Ball 1-0: Swinging Strike 1-1: Ball 2-1: Foul Ball, location: 2F 2-2: Strikes out swinging
|
Top of the 2nd over - 0 run(s), 0 hit(s), 0 error(s), 0 left on base; Montgomery 0 - El Paso 0 |
BOTTOM OF THE 2ND |
El Paso Texans batting - Pitching for Montgomery Grey Sox : RHP Jorge Villalobos
|
Batting: LHB Bernardo Morales
|
0-0: Called Strike 0-1: Ball 1-1: Foul Ball, location: 2F 1-2: SINGLE (Flyball, 8LS)
|
Batting: RHB António Aguilar
|
0-0: Swinging Strike 0-1: Foul Ball, location: 2F 0-2: Ball 1-2: Ball 2-2: Fly out, F7 (Flyball, 7S)
|
Batting: LHB Enrique Cruz
|
0-0: Called Strike 0-1: Grounds into double play, 6-4-3 (Groundball, 6)
|
Bottom of the 2nd over - 0 run(s), 1 hit(s), 0 error(s), 0 left on base; Montgomery 0 - El Paso 0 |
TOP OF THE 3RD |
Montgomery Grey Sox batting - Pitching for El Paso Texans : RHP Carlos Díaz
|
Batting: LHB Amlak Saitoti
|
0-0: Ball 1-0: Foul Ball, location: 2F 1-1: Ball 2-1: Ball 3-1: Called Strike 3-2: Strikes out swinging
|
Batting: RHB Félix Guillén
|
0-0: Called Strike 0-1: SINGLE (Groundball, 56D)
|
Batting: RHB Frederick Curtis
|
0-0: Swinging Strike 0-1: Ball 1-1: Foul Ball, location: 2F 1-2: Ball 2-2: Ball 3-2: Strikes out looking
|
Batting: LHB Bob Jones
|
0-0: Called Strike Félix Guillén is caught stealing 2nd base
|
Top of the 3rd over - 0 run(s), 1 hit(s), 0 error(s), 0 left on base; Montgomery 0 - El Paso 0 |
BOTTOM OF THE 3RD |
El Paso Texans batting - Pitching for Montgomery Grey Sox : RHP Jorge Villalobos
|
Batting: RHB Marvin Johnson
|
0-0: Ball 1-0: Fly out, F8 (Flyball, 8LS)
|
Batting: LHB Michael Melton
|
0-0: Called Strike 0-1: Swinging Strike 0-2: Foul Ball, location: 2F 0-2: Strikes out looking
|
Batting: RHB Domingo Morales
|
0-0: Called Strike 0-1: Ball 1-1: SINGLE (Groundball, 56D)
|
Batting: SHB Rick Hinton
|
0-0: Called Strike Domingo Morales is caught stealing 2nd base
|
Bottom of the 3rd over - 0 run(s), 1 hit(s), 0 error(s), 0 left on base; Montgomery 0 - El Paso 0 |
TOP OF THE 4TH |
Montgomery Grey Sox batting - Pitching for El Paso Texans : RHP Carlos Díaz
|
Batting: LHB Bob Jones
|
0-0: SINGLE (Flyball, 7)
|
Batting: RHB Dean Bailey
|
0-0: Ball 1-0: Foul Ball, location: 2F 1-1: Ball 2-1: Fly out, F9 (Flyball, 9S)
|
Batting: RHB Carlos Vásquez
|
0-0: Ball Bob Jones steals 2nd base 1-0: Ball 2-0: Ball 3-0: Called Strike 3-1: SINGLE (Line Drive, 6D) Bob Jones to third Runner from 3rd tries for Home, SAFE, throw made home Carlos Vásquez to second
|
Batting: SHB Joe Pierce
|
0-0: Ball 1-0: DOUBLE (Line Drive, 7LM) Carlos Vásquez scores
|
Batting: SHB Hoyt Norris
|
0-0: Swinging Strike 0-1: Ball 1-1: Ball 2-1: Foul Ball, location: 2F 2-2: Strikes out looking
|
Batting: RHB Ben White
|
0-0: Called Strike 0-1: Foul Ball, location: 2F 0-2: Ball 1-2: Strikes out swinging
|
Top of the 4th over - 2 run(s), 3 hit(s), 0 error(s), 1 left on base; Montgomery 2 - El Paso 0 |
BOTTOM OF THE 4TH |
El Paso Texans batting - Pitching for Montgomery Grey Sox : RHP Jorge Villalobos
|
Batting: SHB Rick Hinton
|
0-0: Ball 1-0: Ball 2-0: Ball 3-0: Base on Balls
|
Batting: RHB Cole Boehmer
|
0-0: Ball 1-0: Called Strike 1-1: Fielders Choice at 2nd, 6-4 (Groundball, 6)
|
Batting: LHB Guy Moss
|
0-0: Swinging Strike 0-1: Fly out, F7 (Line Drive, 7S)
|
Batting: LHB Bernardo Morales
|
0-0: Ball 1-0: Ball 2-0: Called Strike 2-1: Foul Ball, location: 2F 2-2: Fly out, F8 (Flyball, 8LS)
|
Bottom of the 4th over - 0 run(s), 0 hit(s), 0 error(s), 1 left on base; Montgomery 2 - El Paso 0 |
TOP OF THE 5TH |
Montgomery Grey Sox batting - Pitching for El Paso Texans : RHP Carlos Díaz
|
Batting: LHB Amlak Saitoti
|
0-0: Called Strike 0-1: Foul Ball, location: 2F 0-2: Foul Ball, location: 2F 0-2: Foul Ball, location: 2F 0-2: Foul Ball, location: 2F 0-2: Ball 1-2: Ball 2-2: Foul Ball, location: 2F 2-2: Ball 3-2: Foul Ball, location: 2F 3-2: Base on Balls
|
Pitching: RHP Firmino Orsi
|
|
Batting: RHB Félix Guillén
|
0-0: Ball 1-0: Swinging Strike 1-1: Foul Ball, location: 2F 1-2: SINGLE (Line Drive, 4D) Amlak Saitoti to second Runner from 2nd tries for 3rd, SAFE, throw made to third
|
Batting: RHB Frederick Curtis
|
0-0: Called Strike 0-1: 3-RUN HOME RUN (Flyball, 7D), Distance : 411 ft
|
Batting: LHB Bob Jones
|
0-0: Ground out 4-3 (Groundball, 4)
|
Batting: RHB Dean Bailey
|
0-0: SINGLE (Groundball, 56D)
|
Batting: RHB Carlos Vásquez
|
0-0: Called Strike 0-1: SINGLE (Groundball, 6MD) Dean Bailey to second
|
Batting: SHB Joe Pierce
|
0-0: Called Strike 0-1: Swinging Strike 0-2: Foul Ball, location: 2F 0-2: Grounds into double play, 3-6-1 (Groundball, 3)
|
Top of the 5th over - 3 run(s), 4 hit(s), 0 error(s), 1 left on base; Montgomery 5 - El Paso 0 |
BOTTOM OF THE 5TH |
El Paso Texans batting - Pitching for Montgomery Grey Sox : RHP Jorge Villalobos
|
Batting: RHB António Aguilar
|
0-0: Called Strike 0-1: Ball 1-1: Foul Ball, location: 2F 1-2: Foul Ball, location: 2F 1-2: Ball 2-2: Strikes out swinging
|
Batting: LHB Enrique Cruz
|
0-0: Called Strike 0-1: Ball 1-1: Ball 2-1: Ball 3-1: Base on Balls
|
Batting: RHB Marvin Johnson
|
0-0: Ball 1-0: Ball 2-0: Foul Ball, location: 2F 2-1: Grounds into double play, 4-6-3 (Groundball, 4)
|
Bottom of the 5th over - 0 run(s), 0 hit(s), 0 error(s), 0 left on base; Montgomery 5 - El Paso 0 |
TOP OF THE 6TH |
Montgomery Grey Sox batting - Pitching for El Paso Texans : RHP Firmino Orsi
|
Pitching: RHP Bill Hines
|
|
Batting: SHB Hoyt Norris
|
0-0: Called Strike 0-1: Called Strike 0-2: Ball 1-2: Strikes out looking
|
Batting: RHB Ben White
|
0-0: Foul Ball, location: 2F 0-1: Ball 1-1: Foul Ball, location: 2F 1-2: Foul Ball, location: 2F 1-2: Strikes out swinging
|
Batting: LHB Amlak Saitoti
|
0-0: Ball 1-0: Foul Ball, location: 2F 1-1: Swinging Strike 1-2: Ball 2-2: Ball 3-2: Strikes out swinging
|
Top of the 6th over - 0 run(s), 0 hit(s), 0 error(s), 0 left on base; Montgomery 5 - El Paso 0 |
BOTTOM OF THE 6TH |
El Paso Texans batting - Pitching for Montgomery Grey Sox : RHP Jorge Villalobos
|
Batting: LHB Michael Melton
|
0-0: Called Strike 0-1: Ball 1-1: Swinging Strike 1-2: Strikes out swinging
|
Batting: RHB Domingo Morales
|
0-0: Ball 1-0: Swinging Strike 1-1: Foul Ball, location: 2F 1-2: Ball 2-2: Ball 3-2: Strikes out looking
|
Batting: SHB Rick Hinton
|
0-0: Ball 1-0: Fly out, F8 (Flyball, 8LM)
|
Bottom of the 6th over - 0 run(s), 0 hit(s), 0 error(s), 0 left on base; Montgomery 5 - El Paso 0 |
TOP OF THE 7TH |
Montgomery Grey Sox batting - Pitching for El Paso Texans : RHP Bill Hines
|
Batting: RHB Félix Guillén
|
0-0: Ball 1-0: Ball 2-0: Ball 3-0: Called Strike 3-1: Base on Balls
|
Batting: RHB Frederick Curtis
|
0-0: Ball 1-0: Called Strike 1-1: Foul Ball, location: 2F 1-2: Ball 2-2: Strikes out swinging
|
Batting: LHB Bob Jones
|
0-0: Called Strike 0-1: Fly out, F2 (Popup, 25)
|
Batting: RHB Dean Bailey
|
0-0: Ball 1-0: Foul Ball, location: 2F 1-1: Called Strike 1-2: Strikes out swinging
|
Top of the 7th over - 0 run(s), 0 hit(s), 0 error(s), 1 left on base; Montgomery 5 - El Paso 0 |
BOTTOM OF THE 7TH |
El Paso Texans batting - Pitching for Montgomery Grey Sox : RHP Jorge Villalobos
|
Batting: RHB Cole Boehmer
|
0-0: Called Strike 0-1: Ball 1-1: Foul Ball, location: 2F 1-2: Fly out, F9 (Flyball, 9S)
|
Batting: LHB Guy Moss
|
0-0: Ground out 3-1 (Groundball, 34)
|
Batting: LHB Bernardo Morales
|
0-0: Called Strike 0-1: Ball 1-1: Foul Ball, location: 2F 1-2: Ball 2-2: Ball 3-2: SOLO HOME RUN (Flyball, 78XD), Distance : 432 ft
|
Batting: RHB António Aguilar
|
0-0: Ball 1-0: Ball 2-0: Ball 3-0: Swinging Strike 3-1: Base on Balls
|
Pitching: RHP Cody Nichols
|
|
Batting: LHB Enrique Cruz
|
0-0: Called Strike 0-1: Ball 1-1: Ball 2-1: Called Strike 2-2: Strikes out looking
|
Bottom of the 7th over - 1 run(s), 1 hit(s), 0 error(s), 1 left on base; Montgomery 5 - El Paso 1 |
TOP OF THE 8TH |
Montgomery Grey Sox batting - Pitching for El Paso Texans : RHP Bill Hines
|
Batting: RHB Carlos Vásquez
|
0-0: Called Strike 0-1: Ball 1-1: SINGLE (Line Drive, 56D)
|
Batting: SHB Joe Pierce
|
0-0: Ball 1-0: Foul Ball, location: 2F 1-1: Called Strike Carlos Vásquez steals 2nd base 1-2: Ball 2-2: Strikes out swinging
|
Batting: SHB Hoyt Norris
|
0-0: Intentional Walk
|
Batting: RHB Ben White
|
0-0: Ball 1-0: Foul Ball, location: 2F 1-1: Fly out, F6 (Line Drive, 56)
|
Batting: LHB Amlak Saitoti
|
0-0: Called Strike 0-1: Foul Ball, location: 2F 0-2: Ball 1-2: Ball 2-2: Ball 3-2: Base on Balls Carlos Vásquez to third Hoyt Norris to second
|
Pitching: RHP Ralph Miller
|
|
Batting: RHB Félix Guillén
|
0-0: Called Strike 0-1: Foul Ball, location: 2F 0-2: Strikes out swinging
|
Top of the 8th over - 0 run(s), 1 hit(s), 0 error(s), 3 left on base; Montgomery 5 - El Paso 1 |
BOTTOM OF THE 8TH |
El Paso Texans batting - Pitching for Montgomery Grey Sox : RHP Cody Nichols
|
Batting: RHB Marvin Johnson
|
0-0: Ball 1-0: Ball 2-0: Called Strike 2-1: Fly out, F6 (Popup, 56D)
|
Batting: LHB Michael Melton
|
0-0: Called Strike 0-1: Foul Ball, location: 2F 0-2: Strikes out swinging
|
Batting: RHB Domingo Morales
|
0-0: Ball 1-0: Ground out 5-3 (Groundball, 56S)
|
Bottom of the 8th over - 0 run(s), 0 hit(s), 0 error(s), 0 left on base; Montgomery 5 - El Paso 1 |
TOP OF THE 9TH |
Montgomery Grey Sox batting - Pitching for El Paso Texans : RHP Ralph Miller
|
Batting: RHB Frederick Curtis
|
0-0: Called Strike 0-1: Swinging Strike 0-2: Strikes out looking
|
Batting: LHB Bob Jones
|
0-0: Ground out 4-3 (Groundball, 4)
|
Batting: RHB Dean Bailey
|
0-0: Ball 1-0: Ball 2-0: Foul Ball, location: 2F 2-1: Foul Ball, location: 2F 2-2: Strikes out swinging
|
Top of the 9th over - 0 run(s), 0 hit(s), 0 error(s), 0 left on base; Montgomery 5 - El Paso 1 |
BOTTOM OF THE 9TH |
El Paso Texans batting - Pitching for Montgomery Grey Sox : RHP Cody Nichols
|
Batting: SHB Rick Hinton
|
0-0: Ball 1-0: Ball 2-0: Swinging Strike 2-1: Fly out, F6 (Line Drive, 56)
|
Batting: RHB Cole Boehmer
|
0-0: Foul Ball, location: 2F 0-1: Ball 1-1: DOUBLE (Line Drive, 8LM)
|
Batting: LHB Guy Moss
|
0-0: Ball 1-0: Swinging Strike 1-1: Ball 2-1: Ball 3-1: Swinging Strike 3-2: Ground out 4-3 (Groundball, 4) Cole Boehmer to third
|
Batting: LHB Bernardo Morales
|
0-0: Ball 1-0: Called Strike 1-1: Called Strike 1-2: Ball 2-2: DOUBLE (Groundball, 3D) Cole Boehmer scores
|
Pitching: RHP Brian Barker
|
|
Batting: RHB António Aguilar
|
0-0: 2-RUN HOME RUN (Flyball, 89XD), Distance : 399 ft
|
Batting: LHB Enrique Cruz
|
0-0: SINGLE (Groundball, 4D)
|
Batting: RHB Marvin Johnson
|
0-0: Foul Ball, location: 2F 0-1: Ball 1-1: Ball 2-1: Foul Ball, location: 2F 2-2: Ball 3-2: Strikes out looking
|
Bottom of the 9th over - 3 run(s), 4 hit(s), 0 error(s), 1 left on base; Montgomery 5 - El Paso 4 |
|